 Dungeon Crawl Stone Soup version 0.21-a0-615-g8e08f28 (webtiles) character file.

325 slep the Slasher (level 6, -9/37 HPs)
             Began as a Tengu Gladiator on Dec 23, 2017.
             Mangled by an ogre
             ... wielding a +0 giant club
              (18 damage)
             ... on level 5 of the Dungeon.
             The game lasted 00:10:45 (2518 turns).

slep the Slasher (Tengu Gladiator)                  Turns: 2518, Time: 00:10:45

Health: -9/37      AC:  5    Str: 15    XL:     6   Next: 48%
Magic:  7/7        EV: 13    Int:  8    God:
Gold:   158        SH:  0    Dex: 17    Spells: 5/5 levels left

rFire    + . .     SeeInvis .   q - +0 great sword
rCold    . . .     Gourm    .   (shield currently unavailable)
rNeg     . . .     Faith    .   u - +0 ring mail {rC+}
rPois    .         Spirit   .   c - +0 hat
rElec    .         Reflect  .   (no cloak)
rCorr    .         Harm     .   (no gloves)
MR       .....                  (boots unavailable)
Stlth    ..........             (no amulet)
HPRegen  0.12/turn              o - ring of fire
MPRegen  0.10/turn              E - ring of loudness (curse)

@: starving, drained
A: beak, talons 3, able to fly 1
a: Fly


You were on level 5 of the Dungeon.
You were starving.

You visited 1 branch of the dungeon, and saw 5 of its levels.

You collected 158 gold pieces.

Inventory:

Hand Weapons
 a - a +0 long sword
 q - a +0 great sword (weapon)
 x - a +0 falchion of holy wrath
Missiles
 d - 4 throwing nets
 e - 2 curare-tipped needles
 h - 14 poisoned needles
 k - 3 javelins (quivered)
 t - 8 sling bullets
 D - 7 tomahawks
Armour
 b - a +0 leather armour
 c - a +0 hat (worn)
 u - a +0 ring mail of cold resistance (worn)
Jewellery
 o - a ring of fire (left hand)
 E - a cursed ring of loudness (right hand)
Scrolls
 j - 5 scrolls of identify {unknown}
 m - a scroll of amnesia {unknown}
 s - 3 scrolls of remove curse {unknown}
 v - a scroll of enchant weapon {unknown}
 w - a scroll of enchant armour {unknown}
 y - 2 scrolls of fog {unknown}
 z - 3 scrolls of random uselessness {unknown}
 C - a scroll of teleportation {unknown}
Potions
 g - 2 potions of resistance {unknown}
 i - 2 potions of agility
 l - a potion of berserk rage {unknown}
 n - 3 potions of curing
 p - 2 potions of brilliance {unknown}
 r - 3 potions of might {unknown}
 A - a potion of mutation {unknown}
 B - 2 potions of heal wounds {unknown}
Comestibles
 f - 11 rations


   Skills:
 + Level 3.1(3.0) Fighting
 + Level 5.7(5.6) Long Blades
 + Level 2.1(1.9) Throwing
 + Level 2.8(2.7) Armour
 + Level 4.0(3.9) Dodging
 + Level 1.2(1.0) Stealth


You had 5 spell levels left.
You didn't know any spells.

Dungeon Overview and Level Annotations

Branches:
Dungeon (5/15)
 Temple: D:4-7

Altars:
Ru
Vehumet


Innate Abilities, Weirdness & Mutations

You have a beak for a mouth.
You have claws for feet.
You can fly.


Message History

You are starving!
Found a scroll labeled LAS BOIHUNIEX.
There is an open door here.
Found a stone staircase leading down.
s - 3 scrolls labeled LAS BOIHUNIEX (gained 1)
There is a stone staircase leading down here.
You climb downwards.
There is a stone staircase leading up here.
Found a dire flail.
An ogre comes into view. It is wielding a giant club.
The ogre shouts!
Found 27 stones and 14 gold pieces.
The ogre misses you.
Your ring mail prevents you from hitting the ogre.
Your kick misses the ogre. The ogre hits you with a giant club!
* * * LOW HITPOINT WARNING * * *
You slice the ogre!! You claw the ogre.
The ogre is severely wounded.
The ogre hits you with a giant club!!
You die...

#.#..#.# #.# .
#(#.#....# #.# . .
#.#......# #.#
#.#.#.#.#.##.# #.#
....#.#.#.##.###.#
................<#
.###...#.######.#
#.###..O....# #.#
.......@..#.# #.#
#.###.....#.# #.#
#.###.....#.####.#
..................
..###..#..######.#
#.. .## .... ..
.$... ... .......
.###


You could see an ogre.

Vanquished Creatures
  The ghost of Harvester the Changer, an amateur OpTm (D:3)
  A scorpion (D:4)
  Jessica (D:2)
  Terence (D:3)
  2 worker ants
  2 adders (D:3)
  An ooze (D:3)
  3 worms
  2 dart slugs (D:1)
  A leopard gecko (D:2)
  6 orcs (D:3)
  2 giant cockroaches
  7 goblins
  7 hobgoblins
  2 jackals (D:3)
  2 quokkas (D:2)
  A ball python (D:1)
  7 bats
  3 frilled lizards
  8 kobolds
  9 rats
69 creatures vanquished.

Notes
Turn   | Place    | Note
-------+----------+-------------------------------------------
     0 | D:1      | slep the Tengu Gladiator began the quest for the Orb.
     0 | D:1      | Reached XP level 1. HP: 12/12 MP: 2/2
    80 | D:1      | Reached XP level 2. HP: 8/17 MP: 3/3
   564 | D:2      | Found a sacrificial altar of Ru.
   600 | D:2      | Reached XP level 3. HP: 21/21 MP: 4/4
   609 | D:2      | Noticed Jessica
   612 | D:2      | Killed Jessica
   612 | D:2      | Reached skill level 4 in Long Blades
   613 | D:2      | Reached skill level 1 in Armour
   710 | D:2      | Found a radiant altar of Vehumet.
   719 | D:2      | Reached XP level 4. HP: 15/27 MP: 5/5
  1217 | D:3      | Noticed Terence
  1223 | D:3      | Killed Terence
  1223 | D:3      | Reached skill level 1 in Stealth
  1223 | D:3      | Gained mutation: You can fly. [Tengu growth]
  1223 | D:3      | Reached XP level 5. HP: 27/31 MP: 6/6
  1236 | D:3      | HP: 1/31 [poisoned by a worker ant]
  1335 | D:3      | Noticed Harvester's ghost (amateur OpTm)
  1341 | D:3      | Killed Harvester's ghost
  1341 | D:3      | Reached skill level 5 in Long Blades
  1654 | D:3      | Reached XP level 6. HP: 36/36 MP: 7/7
  2499 | D:5      | Entered Level 5 of the Dungeon
  2518 | D:5      | Mangled by an ogre

Vault maps used:
D:1:      dpeg_arrival_arbitrary_b
D:2:      fiery_altar_vehumet, first_ration, nicolae_ru_awakened_eye,
          uniq_jessica
D:3:      st_stairs_7, uniq_terence
D:4:      uniq_ijyb, uniq_robin
D:5:      overflow_temple_1_default, grunt_qazlal_sundering

Skill      XL: |  1  2  3  4  5  6 |
---------------+-------------------+-----
Long Blades    | 4 5 |  5.7
Armour         | 1 2 |  2.8
Stealth        | 1 |  1.2
Dodging        | 4 |  4.0
Fighting       | 3 |  3.1
Throwing       | |  2.1

Action                   |  1- 3 |  4- 6 || total
-------------------------+-------+-------++-------
Melee: Long sword        |    35 |       ||    35
       Kick              |    13 |    25 ||    38
       Peck              |     9 |    14 ||    23
       Great sword       |    12 |    77 ||    89
Throw: Javelin           |     1 |       ||     1
  Use: Potion            |       |     2 ||     2
 Stab: Sleeping          |     2 |     1 ||     3
  Eat: Chunk             |       |     3 ||     3
Armor: Leather armour    |     6 |     1 ||     7
       Ring mail         |       |    18 ||    18
Dodge: Dodged            |    29 |    52 ||    81
       Rpst.: Long sword |     3 |       ||     3
       Great sword       |     3 |    14 ||    17

Table legend:
 A = Spawn XP
 B = Non-spawn XP
 C = Spawn XP percentage of total XP
 D = Spawn monster count
 E = Non-spawn monster count
 F = Spawn count percentage of total count
 G = Total turns spent on level
                    A         B        C        D         E        F      G
               +---------+---------+-------+---------+---------+-------+---------
         Total |       0 |     465 |   0.0 |       0 |      69 |   0.0 |  2518
               +---------+---------+-------+---------+---------+-------+---------
           D:1 |       0 |      28 |   0.0 |       0 |      17 |   0.0 |   555
           D:2 |       0 |      76 |   0.0 |       0 |      23 |   0.0 |   595
           D:3 |       0 |     256 |   0.0 |       0 |      27 |   0.0 |  1011
           D:4 |       0 |     105 |   0.0 |       0 |       2 |   0.0 |   338
               +---------+---------+-------+---------+---------+-------+---------
